 Dungeon Crawl Stone Soup version 0.21.1-1-g345015f (console) character file.

23 Homage the Poker (level 2, -3/24 HPs)
             Began as a Ghoul Warper on Apr 11, 2018.
             Slain by an iguana (11 damage)
             ... on level 2 of the Dungeon.
             The game lasted 00:04:43 (1309 turns).

Homage the Poker (Ghoul Warper)                     Turns: 1309, Time: 00:04:44

Health: -3/24      AC:  3    Str: 13 (14) XL:     2   Next: 95%
Magic:  3/3        EV: 11    Int:  8      God:
Gold:   41         SH:  0    Dex:  6 (8)  Spells: 0/4 levels left

rFire    . . .     SeeInvis .   a - +1 spear
rCold    + + .     Gourm    .   (no shield)
rNeg     + + +     Faith    .   b - +0 leather armour
rPois    ∞         Spirit   .   (no helmet)
rElec    .         Reflect  .   (no cloak)
rCorr    .         Harm     .   (no gloves)
MR       .....     Rnd*Tele +   (no boots)
Stlth    +.........             (no amulet)
HPRegen  0.00/turn              i - ring of protection from cold
MPRegen  0.08/turn              h - ring of teleportation (curse)

@: rotting
A: rotting body, claws 1, carnivore, cold resistance 1, negative energy
resistance 3, inhibited regeneration, torment resistance, unbreathing
a: no special abilities


You were on level 2 of the Dungeon.
You were not hungry.

You visited 1 branch of the dungeon, and saw 2 of its levels.

You collected 41 gold pieces.


Innate Abilities, Weirdness & Mutations

Your body is rotting away.
You thrive on raw meat.
You are immune to poison.
You have sharp fingernails.
You are carnivorous and can eat meat at any time.
Your flesh is cold resistant. (rC+)
You are immune to negative energy. (rN+++)
You do not regenerate when monsters are visible.
You are immune to unholy pain and torment.
You can survive without breathing.


   Skills:
 - Level 2.1 Fighting
 - Level 3.0 Polearms
 - Level 0.8 Throwing
 - Level 0.8 Armour
 - Level 1.7 Dodging
 + Level 1.8 Spellcasting
 - Level 2.6 Translocations


You couldn't memorise any spells.
You knew the following spells:

 Your Spells              Type           Power        Failure   Level  Hunger
g - Shroud of Golubria    Chrm/Tloc      #.........   38%         2    ###....
v - Blink                 Tloc           N/A          24%         2    ###....

Inventory:

Hand Weapons
 a - a +1 spear (weapon)
Missiles
 e - 5 tomahawks of dispersal (quivered)
Armour
 b - a +0 leather armour (worn)
Jewellery
 h - a cursed ring of teleportation (right claw)
 i - a ring of protection from cold (left claw)
Scrolls
 d - a scroll of blinking
 g - a scroll of enchant weapon
 k - a scroll of fear {unknown}
 l - a scroll of enchant armour {unknown}
Potions
 j - 2 potions of curing
 m - a potion of mutation {!q}
Books
 c - a book of Spatial Translocations

   Spells                             Type                      Level
   a - Blink                          Translocation                2
   b - Shroud of Golubria             Charms/Translocation         2
   c - Lesser Beckoning               Translocation                3
   d - Gell's Gravitas                Translocation                3
   e - Teleport Other                 Translocation                3
   f - Passage of Golubria            Translocation                4
Comestibles
 f - a ration


Message History

The hobgoblin completely misses you.
You closely miss the hobgoblin.
The hobgoblin is severely wounded.
The iguana bites you!
Ouch! That really hurt!
You are too injured to fight recklessly!
You are too injured to fight recklessly!
You are too injured to fight recklessly!
You are too injured to fight recklessly!
You are too injured to fight recklessly!
You hit the hobgoblin.
You kill the hobgoblin!
The iguana bites you but does no damage.
You hit the iguana but do no damage. The iguana closely misses you.
You hit the iguana but do no damage. The iguana barely misses you.
You hit the iguana but do no damage. The iguana bites you.
A giant cockroach comes into view.
You hit the iguana but do no damage. You barely miss the iguana.
The iguana bites you!
You die...

.. .. .##......# # #.
. . #...... ## #.
.###. ..#..# ##. #.#.
..# #.#..# #..
#..###.## #.#..# #..
#..##..# #....# #..
#....#.####...###..
##l##.>...##....##..
#..@##......#.#.##..
#.....#%.......#.....
#...?.#..############
#.....#..# ##...##(.#
.....#..# #..s..#..#
#.....#..# #..#


You could see an iguana and a giant cockroach.

Vanquished Creatures
  A bat (D:1)
  A giant cockroach (D:1)
  5 hobgoblins
  2 jackals (D:1)
  A quokka (D:2)
  3 ball pythons (D:1)
  A frilled lizard (D:1)
  5 kobolds (D:1)
  3 rats (D:1)
22 creatures vanquished.

Notes
Turn   | Place    | Note
-------+----------+-------------------------------------------
     0 | D:1      | Homage the Ghoul Warper began the quest for the Orb.
     0 | D:1      | Reached XP level 1. HP: 17/17 MP: 2/2
    48 | D:1      | Reached skill level 2 in Polearms
   264 | D:1      | Reached XP level 2. HP: 24/24 MP: 3/3
   269 | D:1      | Learned a level 2 spell: Blink
   599 | D:1      | Learned a level 2 spell: Shroud of Golubria
  1279 | D:2      | Reached skill level 3 in Polearms
  1309 | D:2      | Slain by an iguana

Vault maps used:
D:1:      dpeg_arrival_connections
D:2:      marbit_many_paths, lemuel_coloured_pillars_altar

Action                   || total
-------------------------++-------
Melee: Spear             ||    93
  Use: Scroll            ||     4
       Potion            ||     2
  Eat: Chunk             ||    13
Armor: Leather armour    ||    14
Dodge: Dodged            ||    36
